 Dungeon Crawl Stone Soup version 0.16.0-17-g811c1d7 (webtiles) character file.

6757 Helmschank the Grappler (level 10, -4/71 HPs)
             Began as a Purple Draconian Transmuter on Mar 21, 2015.
             Was a Priest of Fedhas.
             Slain by a blink frog (16 damage)
             ... on level 1 of the Lair of Beasts.
             The game lasted 01:18:48 (11469 turns).

Helmschank the Grappler (DrTm)                     Turns: 11469, Time: 01:18:49

Health: -4/71      AC:  2    Str: 13    XL:     10   Next: 75%
Magic:  22/22      EV: 25    Int: 16    God:    Fedhas [***...]
Gold:   369        SH:  0    Dex: 21    Spells: 5 memorised, 4 levels left

rFire  . . .     SeeInvis .       - Unarmed
rCold  . . .     Clarity  .     (armour unavailable)
rNeg   . . .     SustAb   .     (shield currently unavailable)
rPois  x         Gourm    .     (helmet currently unavailable)
rElec  .         Spirit   .     E - melded +1 cloak
rCorr  .         Warding  .     f - melded +0 pair of gloves
rMut   .         Stasis   .     k - melded +0 pair of boots
MR     +....                    (no amulet)
Stlth  ++........               (no ring)
                                x - +4 ring of dexterity

@: spider-form, somewhat resistant to hostile enchantments, unstealthy
A: (breathe power), unfitting armour, (cold-blooded), AC +7
a: End Transformation, Evolution, Sunlight, Growth, Renounce Religion


You were on level 1 of the Lair of Beasts.
You worshipped Fedhas.
Fedhas was most pleased with you.
You were not hungry.
You were a venomous arachnid creature.
You visited 3 branches of the dungeon, and saw 11 of its levels.

You collected 467 gold pieces.
You spent 98 gold pieces at shops.

Inventory:

Hand weapons
 e - a +1 blowgun
Missiles
 c - an arrow of dispersal
 l - 33 arrows of flame
 t - 13 arrows of frost
 w - 150 arrows
 A - 55 poisoned needles
 L - 13 poisoned arrows
 M - 2 steel javelins (quivered)
 R - 3 tomahawks
 U - 93 stones
Armour
 f - a +0 pair of gloves (melded)
 k - a +0 pair of boots (melded)
 E - a +1 cloak (melded)
Jewellery
 a - an uncursed ring of sustain abilities {unknown}
 x - a +4 ring of dexterity (left front leg)
 P - an uncursed amulet of regeneration {unknown}
Magical devices
 j - a wand of cold (14)
 n - a wand of frost (13)
 D - a wand of magic darts (37)
 F - a wand of disintegration (4)
 G - a wand of disintegration (7)
 I - a wand of draining (7)
 J - a wand of disintegration (11)
Scrolls
 i - 2 scrolls of remove curse
 p - 2 scrolls of magic mapping
 q - 3 scrolls of teleportation
 v - a scroll of enchant armour
 N - a scroll of identify
Potions
 b - 2 potions of invisibility
 g - 2 potions of ambrosia
 o - a potion of agility
 r - 7 potions of curing
 s - 4 potions of restore abilities
 C - a potion of cure mutation {unknown}
 K - a potion of cancellation {unknown}
Books
 d - a book of Changes

   Spells                             Type                      Level
   a - Beastly Appendage              Transmutation                1
   b - Sticks to Snakes               Transmutation                2
   c - Spider Form                    Transmutation/Poison         3
   d - Ice Form                       Ice/Transmutation            4
   e - Blade Hands                    Transmutation                5
 y - a book of Death

   Spells                             Type                      Level
   a - Corpse Rot                     Necromancy                   2
   b - Sublimation of Blood           Necromancy                   2
   c - Agony                          Necromancy                   5
   d - Dispel Undead                  Necromancy                   5
   e - Excruciating Wounds            Charms/Necromancy            5
   f - Bolt of Draining               Conjuration/Necromancy       5
 H - a book of Party Tricks

   Spells                             Type                      Level
   a - Summon Butterflies             Summoning                    1
   b - Apportation                    Translocation                1
   c - Tukima's Dance                 Hexes                        3
   d - Alistair's Intoxication        Transmutation/Poison         4
   e - Invisibility                   Hexes                        6
Comestibles
 h - 10 slices of pizza
 m - 7 meat rations
 u - 3 beef jerkies
 z - 11 fruits
 B - 13 bread rations
 O - a royal jelly


   Skills:
 - Level 1.1 Fighting
 + Level 5.3 Dodging
 - Level 10.3 Unarmed Combat
 - Level 5.1 Spellcasting
 - Level 10.0 Transmutations
 - Level 4.0 Ice Magic
 - Level 3.1 Poison Magic


You had 4 spell levels left.
You knew the following spells:

 Your Spells              Type           Power        Failure   Level  Hunger
a - Spider Form           Trmt/Pois      ####......   12%         3    ###....
d - Blade Hands           Trmt           #####.....   24%         5    ######.
s - Ice Form              Ice/Trmt       ####....     28%         4    ####...
w - Sticks to Snakes      Trmt           #####.....   3%          2    #......
z - Beastly Appendage     Trmt           #####.       2%          1    None


Dungeon Overview and Level Annotations

Branches:
Dungeon (9/15)             Temple (1/1) D:5            Lair (1/8) D:9
    Orc: D:9-12

Altars:
Ashenzari
Cheibriados
Dithmenos
Elyvilon
Fedhas
Gozag
Kikubaaqudgha
Makhleb
Nemelex Xobeh
Okawaru
Qazlal
Ru
Sif Muna
Trog
Vehumet
Xom
Yredelemnul
Zin
The Shining One

Shops:
D:6 *


Innate Abilities, Weirdness & Mutations

((You can breathe bolts of energy.))
((You can dispel enchantments when you breathe energy.))
((Your rich purple scales are hard (AC +7).))
Your body does not fit into most forms of armour.
((Your cold-blooded metabolism reacts poorly to cold.))


Message History

The blink frog blinks! x2
You completely miss the blink frog. The blink frog completely misses you.
The blink frog barely misses you.
You bite the blink frog!!
You kill the blink frog!
The blink frog blinks!
The blink frog hits you!
You miss the blink frog. The blink frog hits you.
You closely miss the blink frog. The blink frog closely misses you.
The blink frog completely misses you.
The blink frog momentarily phases out as your attack passes through it.
The blink frog barely misses you.
You completely miss the blink frog. The blink frog hits you!
The blink frog misses you. The blink frog completely misses you.
The blink frog completely misses you. The blink frog hits you!
* * * LOW HITPOINT WARNING * * *
The blink frog blinks!
The blink frog hits you!
You die...
Fedhas appreciates your contribution to the ecosystem.

. ##.# P. #..## #. ### ##..# ###.
##.### #.## .... ....####### #.#
.... ##.........# #.#
....##..........### #.#
..##............#P####.#
...<......P..#..s....F.# #...
#.##..#.....###.F§.....# ...P#
#...##..÷...# #........# #...#
#....###P...# ####..#.#####..##
###....P....####P#..#.........###
##.....P...##.?.....F†..........#
#..........#....................#
.................................
.................................


You could see 3 blink frogs.

Vanquished Creatures
  Pikel (D:7)
  An elephant (D:9)
  Psyche (D:8)
  A troll (D:9)
  A blink frog (Lair:1)
  A hog (D:7)
  A hippogriff (D:8)
  A wyvern (D:9)
  A human (D:7)
  Menkaure (D:7)
  A hungry ghost (D:9)
  A water moccasin (D:5)
  An orc warrior (D:9)
  3 ice beasts
  A wasp (D:9)
  A porcupine (Lair:1)
  2 black bears
  A phantom (D:7)
  2 slaves (D:7)
  3 centaurs
  4 sky beasts
  A crocodile (Lair:1)
  Duvessa (D:7)
  4 ogres
  Blork the orc (D:6)
  4 big kobolds
  A giant frog (D:9)
  3 scorpions
  5 killer bees (D:7)
  A centaur zombie (D:4)
  4 goliath beetles
  6 hounds
  Dowan (D:7)
  A crimson imp (D:9)
  3 centaur skeletons
  3 jellies
  2 orc priests
  5 orc wizards
  An iguana (D:9)
  5 worker ants
  A killer bee zombie (D:9)
  Ijyb (D:7)
  5 sheep
  A mummy (D:9)
  2 hound zombies
  A worker ant zombie (D:5)
  6 gnolls
  6 river rats (Lair:1)
  13 adders
  3 shadow imps
  A giant mite (D:6)
  A worm (D:5)
  An adder skeleton (D:8)
  2 giant geckos
  An ooze (D:3)
  39 orcs
  A ball python (D:5)
  A bat skeleton (D:5)
  3 giant cockroaches
  14 goblins
  20 hobgoblins
  13 jackals
  9 quokkas
  12 bats
  A giant cockroach zombie (D:5)
  3 giant gecko skeletons
  5 giant newts
  A jackal zombie (D:5)
  27 kobolds
  2 quokka skeletons
  13 rats
291 creatures vanquished.

Vanquished Creatures (collateral kills)
  A wraith (D:9)
  A sky beast (D:9)
  2 adders (D:9)
4 creatures vanquished.

Vanquished Creatures (others)
  A necrophage (D:6)
  A slave (D:7)
  A quokka (D:7)
  102 toadstools
105 creatures vanquished.

Grand Total: 400 creatures vanquished

Notes
Turn   | Place    | Note
--------------------------------------------------------------
     0 | D:1      | Helmschank, the Draconian Transmuter, began the quest for the Orb.
     0 | D:1      | Reached XP level 1. HP: 16/16 MP: 3/3
   532 | D:1      | Reached XP level 2. HP: 20/23 MP: 4/4
  1153 | D:2      | Reached skill level 4 in Unarmed Combat
  1343 | D:2      | Reached XP level 3. HP: 28/28 MP: 6/6
  1348 | D:2      | Learned a level 3 spell: Spider Form
  1351 | D:2      | Learned a level 2 spell: Sticks to Snakes
  2081 | D:3      | Reached skill level 1 in Poison Magic
  2676 | D:4      | Reached XP level 4. HP: 35/35 MP: 7/7
  3036 | D:4      | Noticed a black bear
  3045 | D:4      | Killed a black bear
  3045 | D:4      | Reached XP level 5. HP: 28/40 MP: 5/9
  3504 | D:4      | Noticed a scorpion
  3511 | D:4      | Killed a scorpion
  3511 | D:4      | Reached XP level 6. HP: 44/47 MP: 10/10
  3574 | D:4      | Reached skill level 5 in Transmutations
  3605 | D:4      | Noticed a scorpion
  3608 | D:4      | Killed a scorpion
  4036 | D:4      | Your scales start taking on a rich purple colour.
  4036 | D:4      | Reached XP level 7. HP: 52/52 MP: 13/15
  4416 | D:4      | Learned a level 4 spell: Ice Form
  4486 | D:5      | Entered Level 5 of the Dungeon
  4492 | D:5      | Found a staircase to the Ecumenical Temple.
  4533 | Temple   | Entered the Ecumenical Temple
  4606 | Temple   | Became a worshipper of Fedhas Madash
  4686 | D:5      | Reached skill level 1 in Ice Magic
  5084 | D:5      | Learned a level 5 spell: Blade Hands
  5108 | D:5      | Reached skill level 5 in Spellcasting
  5108 | D:5      | Reached XP level 8. HP: 57/59 MP: 13/20
  5294 | D:5      | Reached skill level 5 in Unarmed Combat
  5565 | D:5      | Reached skill level 6 in Unarmed Combat
  6094 | D:6      | Noticed Blork the orc
  6107 | D:6      | Killed Blork the orc
  6403 | D:6      | Reached skill level 7 in Unarmed Combat
  6593 | D:6      | Found a staircase to the Ecumenical Temple.
  6873 | D:6      | Found Psihiaf's General Store.
  6881 | D:6      | Bought a potion of curing for 42 gold pieces
  6881 | D:6      | Bought a potion of curing for 42 gold pieces
  6881 | D:6      | Bought a potion of poison for 14 gold pieces
  6932 | D:6      | Acquired Fedhas' first power
  7191 | D:7      | Reached skill level 8 in Unarmed Combat
  7202 | D:7      | Reached XP level 9. HP: 37/64 MP: 19/21
  7432 | D:7      | Reached skill level 9 in Unarmed Combat
  7505 | D:7      | Noticed Menkaure
  7506 | D:7      | Noticed Ijyb
  7518 | D:7      | Killed Ijyb
  7520 | D:7      | Killed Menkaure
  7553 | D:7      | Noticed Pikel
  7568 | D:7      | Found a shattered altar of Ashenzari.
  7568 | D:7      | Found a basalt altar of Yredelemnul.
  7568 | D:7      | Found a shimmering altar of Xom.
  7568 | D:7      | Found a radiant altar of Vehumet.
  7569 | D:7      | Noticed Duvessa
  7569 | D:7      | Noticed Dowan
  7571 | D:7      | Killed Dowan
  7576 | D:7      | Found an iron altar of Okawaru.
  7576 | D:7      | Found a glowing golden altar of the Shining One.
  7729 | D:7      | Killed Duvessa
  8115 | D:7      | Killed Pikel
  8115 | D:7      | Reached skill level 10 in Unarmed Combat
  8450 | D:8      | Noticed Psyche
  8462 | D:8      | Killed Psyche
  8635 | D:8      | Found an opulent altar of Gozag.
  9106 | D:8      | Reached XP level 10. HP: 68/71 MP: 22/22
  9109 | D:8      | Acquired Fedhas' second power
  9683 | D:9      | Noticed an elephant
  9705 | D:9      | Killed an elephant
 10051 | D:9      | Found a staircase to the Lair.
 10172 | D:9      | Reached skill level 10 in Transmutations
 11012 | D:9      | Acquired Fedhas' third power
 11227 | Lair:1   | Entered Level 1 of the Lair of Beasts
 11227 | Lair:1   | Noticed an oklob plant
 11427 | Lair:1   | Reached skill level 5 in Dodging
 11469 | Lair:1   | Slain by a blink frog

Action                   |  1- 3 |  4- 6 |  7- 9 | 10-12 || total
-------------------------+-------+-------+-------+-------++-------
Melee: Unarmed           |   159 |   136 |   330 |   155 ||   780
       Blowgun           |       |       |       |     2 ||     2
 Fire: Blowgun           |       |    33 |    62 |    39 ||   134
Throw: Stone             |    15 |     2 |     7 |       ||    24
       Tomahawk          |       |       |     5 |     2 ||     7
       Javelin           |       |       |       |     2 ||     2
 Cast: Beastly Appendage |     2 |    11 |    15 |     8 ||    36
       Spider Form       |       |     2 |    14 |    11 ||    27
       Ice Form          |       |       |     7 |     4 ||    11
Invok: Evolution         |       |       |       |     1 ||     1
 Abil: Breathe Dispellin |       |       |     1 |       ||     1
       End Transformatio |       |       |       |     1 ||     1
Evoke: Wand              |       |       |       |     1 ||     1
  Use: Scroll            |       |       |    20 |     1 ||    21
       Potion            |       |       |     2 |     2 ||     4
 Stab: Sleeping          |     1 |     2 |     3 |     1 ||     7
       Distracted        |       |       |     1 |     2 ||     3
  Eat: Chunk             |     5 |     6 |    16 |     5 ||    32
       Beef jerky        |       |       |     1 |     3 ||     4
